Map: [ESL] Solaris

Players

Scarlett - Winner!

  • Race: Zerg Zerg
  • Spawn Location: 1:00

trigger

  • Race: Protoss Protoss
  • League: Grandmaster
  • Spawn Location: 7:00

Event: HomeStory Cup XXIV

VOD

Have the link to the VOD?

Description

Time

  • Played on: Dec. 2, 2023, 4:14 p.m.
  • Length: 23:03

All games in this series

Show
View Real Time Build Order
Export as new Build Order

Scarlett Zerg - Winner!

Build Orders: Hatch First, Lurkers 

Get SALT Encoding   

  12  0:00  Drone  
  13  0:12  Overlord  
  13  0:17  Drone  
  14  0:30  Drone x2  
  16  0:47  Hatchery  
  15  0:51  Drone  
  15  0:54  Drone  
  17  0:57  Drone  
  18  1:08  Extractor  
  17  1:13  Spawning Pool  
  17  1:16  Drone  
  17  1:19  Drone  
  18  1:28  Drone  
  19  1:39  Drone  
  20  1:49  Drone  
  21  1:59  Queen x2  
  21  2:00  Zergling x2, Overlord  
  26  2:10  Drone x2  
  26  2:15  Metabolic Boost  
  28  2:21  Drone x2  
  30  2:32  Hatchery  
  30  2:37  Drone  
  30  2:39  Drone  
  30  2:43  Queen  
  33  2:48  Overlord  
  33  2:50  Drone  
  34  2:55  Drone  
  34  2:57  Drone  
  36  3:05  Overlord  
  36  3:06  Queen  
  36  3:07  Drone  
  36  3:09  Drone  
  36  3:10  Drone  
  41  3:13  Drone  
  41  3:14  Drone  
  41  3:19  Drone  
  44  3:23  Queen  
  46  3:30  Drone  
  47  3:34  Drone  
  47  3:40  Drone x4  
  52  3:42  Spore Crawler  
  52  3:46  Zergling x6  
  52  3:48  Queen  
  54  3:51  Overlord  
  54  3:55  Drone x2  
  58  4:09  Queen  
  59  4:10  Overlord  
  59  4:11  Drone x6  
  65  4:21  Overlord  
  65  4:22  Drone  
  66  4:31  Drone x7  
  71  4:37  Drone  
  71  4:38  Spore Crawler x2, Lair  
  69  4:45  Roach Warren  
  67  4:46  Drone x4  
  67  4:50  Drone x3  
  74  4:54  Overlord  
  74  4:56  Drone x2  
  74  4:58  Extractor  
  74  4:59  Drone x2, Extractor  
  76  5:06  Drone x2  
  78  5:08  Extractor  
  77  5:16  Drone x4  
  77  5:19  Overlord  
  81  5:22  Extractor  
  81  5:25  Evolution Chamber  
  79  5:29  Drone x6  
  79  5:31  Overlord  
  79  5:33  Overlord  
  85  5:37  Extractor  
  85  5:42  Glial Reconstitution, Drone x2  
  86  5:43  Overseer  
  86  5:45  Roach x4  
  86  5:46  Overlord  
  94  5:50  Hatchery  
  94  5:52  Infestation Pit, Zerg Missile Weapons Level 1  
  94  5:56  Roach x3  
  98  6:02  Hatchery  
  96  6:08  Overlord x2  
  96  6:10  Drone x3  
  99  6:12  Roach  
  101  6:20  Overlord x4  
  103  6:25  Roach  
  103  6:26  Roach x2  
  107  6:34  Hive  
  107  6:35  Hydralisk Den  
  107  6:39  Zergling x6  
  110  6:40  Zergling x2  
  110  6:42  Roach x3  
  116  6:51  Drone x3  
  117  6:55  Ravager x5  
  117  6:56  Ravager  
  117  7:00  Zergling x12  
  129  7:05  Zergling x2, Roach x2, Lurker Den  
  129  7:06  Roach  
  129  7:07  Zergling x4  
  138  7:09  Roach  
  139  7:25  Drone  
  139  7:26  Overlord x3  
  139  7:28  Roach x6  
  152  7:36  Drone x6, Hatchery  
  157  7:50  Overlord  
  157  7:52  Viper x2  
  157  7:54  Drone x7  
  170  8:00  Extractor  
  170  8:02  Extractor  
  170  8:03  Seismic Spines, Zerg Missile Weapons Level 2  
  167  8:06  Drone x3  
  167  8:07  Drone x3  
  167  8:10  Spine Crawler x2  
  167  8:11  Spine Crawler  
  169  8:15  Hydralisk  
  169  8:16  Hydralisk x3  
  176  8:44  Roach x12  
  176  8:48  Overlord x2  
  195  8:49  Lurker x2  
  188  9:05  Roach x3  
  188  9:06  Roach x4  
  190  9:14  Roach x13  
  197  9:20  Roach x4  
  192  9:27  Hydralisk x7  
  172  9:33  Roach x2  
  172  9:36  Extractor, Roach x4  
  173  9:40  Roach x3  
  175  9:48  Roach x2  
  171  9:55  Roach x4  
  171  9:57  Roach x4  
  172  10:04  Roach x5  
  152  10:10  Roach x3  
  150  10:14  Adaptive Talons  
  150  10:19  Drone x5  
  150  10:21  Spine Crawler  
  150  10:22  Spine Crawler  
  150  10:24  Queen x2, Spine Crawler  
  150  10:28  Zerg Missile Weapons Level 3  
  151  10:35  Drone  
  151  10:36  Drone  
  151  10:38  Lurker  
  151  10:39  Lurker x2  
  156  10:45  Hydralisk  
  156  10:46  Zergling x18, Hydralisk  
  156  10:49  Drone  
  172  10:50  Drone x2  
  172  11:00  Muscular Augments  
  172  11:01  Extractor  
  172  11:02  Overseer  
  172  11:03  Extractor  
  170  11:14  Hydralisk x9  
  188  11:21  Drone x2  
  188  11:22  Drone x2  
  188  11:23  Drone, Spine Crawler  
  188  11:24  Spine Crawler  
  191  11:27  Spine Crawler  
  191  11:29  Queen  
  191  11:30  Overlord  
  191  11:31  Overlord  
  191  11:32  Lurker x2  
  194  11:34  Viper  
  179  11:58  Drone x2  
  168  12:02  Viper x2  
  168  12:04  Grooved Spines  
  168  12:05  Drone x2  
  161  12:14  Drone x3  
  161  12:15  Drone x3  
  156  12:19  Roach x14, Hatchery  
  182  12:35  Drone x11  
  187  12:42  Spine Crawler  
  187  12:43  Adrenal Glands  
  181  12:55  Lurker x3  
  183  13:03  Hydralisk x5  
  193  13:27  Zerg Ground Armor Level 1  
  193  13:30  Evolution Chamber  
  193  13:31  Lurker x5  
  197  13:34  Spine Crawler  
  197  13:35  Spine Crawler  
  197  13:36  Spore Crawler  
  192  14:12  Hatchery  
  192  14:14  Hydralisk x4  
  199  14:19  Pneumatized Carapace, Overseer x2  
  199  14:24  Zerg Melee Weapons Level 1  
  177  14:48  Drone x3  
  180  15:04  Roach x3  
  186  15:10  Roach x7  
  200  15:17  Extractor  
  200  15:19  Extractor, Hydralisk x2  
  182  15:31  Drone x3  
  182  15:34  Hydralisk x3  
  191  15:36  Lurker x2  
  191  15:37  Hydralisk x3  
  195  15:46  Lurker x2, Hydralisk x4  
  187  15:57  Spore Crawler, Spine Crawler  
  187  15:58  Drone x12  
  197  16:06  Hydralisk x8  
  197  16:10  Lurker  
  197  16:11  Lurker x5  
  196  16:16  Drone x6  
  171  16:36  Drone x9  
  177  16:44  Drone x2  
  153  17:04  Drone x8  
  138  17:19  Hatchery  
  138  17:20  Spine Crawler  
  134  17:24  Drone x3  
  134  17:29  Spine Crawler  
  134  17:31  Lurker x5, Spore Crawler  
  134  17:32  Viper x2  
  142  17:41  Lurker x4  
  146  17:45  Hydralisk x7  
  146  17:50  Hydralisk  
  162  17:56  Hatchery  
  162  17:58  Unknown  
  160  17:59  Extractor  
  160  18:01  Hatchery  
  160  18:02  Extractor  
  158  18:07  Zerg Melee Weapons Level 2, Zerg Ground Armor Level 2  
  158  18:18  Lurker x6  
  158  18:19  Lurker, Hydralisk x8  
  181  18:22  Lurker  
  179  18:30  Hatchery  
  176  18:53  Drone x9  
  162  19:19  Lurker  
  162  19:20  Lurker x4, Hydralisk x7  
  162  19:21  Unknown, Drone  
  181  19:30  Drone x6  
  184  19:40  Spine Crawler  
  181  19:57  Spore Crawler  
  181  19:58  Spine Crawler  
  178  20:09  Drone  
  178  20:11  Hatchery  
  178  20:14  Extractor  
  177  20:15  Extractor  
  176  20:23  Hatchery  
  176  20:24  Spine Crawler  
  172  20:41  Drone x2  
  172  20:42  Spire  
  173  20:57  Hydralisk x9  
  183  21:16  Zergling x28  
  197  21:42  Extractor  
  197  21:43  Extractor  
  159  22:15  Hatchery  
  159  22:19  Drone x4  
  159  22:20  Drone x2  
Show
View Real Time Build Order
Export as new Build Order

trigger Protoss 

Build Orders: 1 Gate Expand, Oracle Opening 

Get SALT Encoding   

  12  0:00  Probe  
  13  0:12  Probe  
  14  0:17  Pylon  
  14  0:24  Probe (Chrono Boost)  
  15  0:36  Probe (Chrono Boost)  
  15  0:38  Gateway  
  16  0:45  Probe (Chrono Boost)  
  16  0:46  Assimilator  
  17  0:50  Probe  
  18  1:02  Probe  
  19  1:15  Probe  
  20  1:22  Nexus  
  20  1:27  Probe  
  21  1:36  Cybernetics Core  
  21  1:44  Assimilator, Probe  
  22  1:51  Pylon  
  22  1:56  Probe (Chrono Boost)  
  23  2:11  Probe (Chrono Boost)  
  23  2:13  Adept  
  26  2:17  Probe (Chrono Boost)  
  26  2:19  Stargate  
  27  2:25  Probe (Chrono Boost)  
  27  2:28  Warp Gate  
  30  2:37  Probe (Chrono Boost)  
  30  2:39  Probe (Chrono Boost)  
  30  2:43  Adept  
  33  2:46  Probe (Chrono Boost)  
  33  2:47  Probe (Chrono Boost)  
  34  2:53  Probe (Chrono Boost)  
  34  2:54  Probe (Chrono Boost)  
  36  3:00  Oracle (Chrono Boost), Probe  
  36  3:04  Probe  
  41  3:08  Pylon  
  42  3:12  Probe  
  42  3:13  Gateway  
  42  3:16  Probe  
  43  3:24  Probe  
  44  3:28  Probe  
  44  3:29  Oracle  
  48  3:38  Nexus  
  48  3:40  Probe  
  49  3:44  Pylon  
  49  3:46  Probe  
  50  3:48  Assimilator  
  50  3:54  Probe  
  51  3:58  Assimilator  
  51  3:59  Probe  
  52  4:06  Probe  
  53  4:11  Robotics Facility, Probe  
  53  4:13  Forge  
  54  4:18  Probe  
  54  4:21  Pylon  
  54  4:24  Probe  
  56  4:30  Probe (Chrono Boost)  
  57  4:36  Probe (Chrono Boost)  
  57  4:38  Twilight Council  
  58  4:42  Probe (Chrono Boost)  
  58  4:45  Gateway  
  59  4:46  Gateway, Protoss Ground Weapons Level 1  
  59  4:48  Probe (Chrono Boost)  
  59  4:51  Shield Battery  
  59  4:52  Probe x2 (Chrono Boost)  
  62  4:56  Immortal (Chrono Boost), Probe (Chrono Boost)  
  68  5:00  Probe x2 (Chrono Boost)  
  68  5:04  Probe (Chrono Boost)  
  68  5:06  Stalker  
  72  5:07  Stalker  
  72  5:09  Probe  
  72  5:14  Blink (Chrono Boost)  
  76  5:15  Probe  
  76  5:17  Pylon  
  76  5:26  Immortal (Chrono Boost)  
  76  5:33  Gateway x2  
  76  5:34  Pylon  
  80  5:36  Stalker  
  80  5:41  Stalker  
  84  5:43  Pylon  
  84  5:45  Stalker  
  86  5:51  Stalker  
  86  5:55  Warp Prism (Chrono Boost)  
  86  5:56  Pylon  
  90  6:03  Stalker  
  92  6:10  Stalker x2  
  96  6:12  Pylon  
  96  6:16  Stalker  
  98  6:19  Probe x2  
  98  6:20  Pylon, Probe  
  101  6:26  Stalker  
  101  6:31  Pylon  
  103  6:33  Stalker  
  103  6:34  Stalker x3  
  111  6:45  Pylon, Stalker  
  113  6:53  Assimilator  
  109  6:59  Stalker x5  
  119  7:02  Probe x2  
  119  7:06  Protoss Ground Weapons Level 2, Probe  
  122  7:10  Robotics Bay  
  122  7:11  Assimilator  
  122  7:15  Probe  
  123  7:20  Pylon  
  123  7:22  Observer, Pylon  
  121  7:25  Charge  
  121  7:29  Gateway  
  121  7:31  Pylon  
  121  7:33  Probe  
  121  7:34  Pylon  
  121  7:36  Photon Cannon  
  122  7:38  Photon Cannon  
  122  7:50  Robotics Facility  
  122  7:51  Pylon, Stalker x5  
  131  8:02  Colossus (Chrono Boost)  
  136  8:13  Extended Thermal Lance  
  136  8:14  Nexus  
  136  8:27  Stalker x5  
  136  8:30  Stalker  
  136  8:34  Stalker  
  142  8:50  Stalker x5  
  142  8:54  Gateway  
  148  9:00  Observer  
  148  9:02  Stalker x2  
  148  9:15  Stalker x5  
  136  9:27  Stalker x2  
  112  9:38  Zealot x3  
  112  9:39  Zealot x2  
  118  9:53  Stalker x2  
  118  9:54  Disruptor  
  118  9:56  Stalker  
  118  10:05  Protoss Ground Armor Level 1 (Chrono Boost)  
  118  10:06  Zealot x5  
  102  10:11  Probe  
  93  10:19  Disruptor (Chrono Boost)  
  81  10:24  Zealot x3  
  81  10:27  Zealot x4  
  95  10:28  Colossus (Chrono Boost)  
  95  10:41  Templar Archives  
  102  10:50  Observer (Chrono Boost)  
  102  10:56  Zealot x8  
  116  11:03  Pylon  
  116  11:10  Disruptor (Chrono Boost)  
  118  11:13  Observer (Chrono Boost)  
  118  11:17  Assimilator  
  119  11:21  Assimilator  
  119  11:23  Zealot x8  
  135  11:31  Disruptor (Chrono Boost)  
  139  11:41  Immortal (Chrono Boost)  
  139  11:47  High Templar x6  
  134  11:53  Zealot x2, Archon x3  
  135  12:20  Immortal  
  133  12:27  Zealot x6  
  133  12:28  Zealot x2  
  126  12:48  High Templar x6  
  136  12:52  Archon x2  
  136  12:53  Nexus, Archon  
  136  12:55  Pylon  
  136  12:56  Protoss Ground Armor Level 2 (Chrono Boost)  
  136  12:57  Zealot  
  136  12:58  Immortal  
  142  13:08  Zealot  
  142  13:09  Pylon  
  144  13:19  High Templar  
  138  13:23  High Templar  
  138  13:27  Shield Battery  
  140  13:28  Photon Cannon  
  140  13:30  Zealot x5  
  151  13:34  Observer  
  149  13:43  Zealot  
  141  14:10  Disruptor  
  141  14:13  Assimilator  
  141  14:14  Zealot x7, Assimilator  
  155  14:18  Disruptor  
  155  14:20  Probe x2  
  147  14:33  Probe  
  147  14:35  Probe  
  138  14:38  Stalker x4  
  139  15:01  High Templar x4  
  139  15:02  Zealot  
  139  15:03  Zealot x3  
  139  15:04  Disruptor  
  139  15:06  Archon x2  
  153  15:12  Observer  
  152  15:29  High Templar x2  
  152  15:30  High Templar x2  
  160  15:45  Cybernetics Core  
  160  15:47  Zealot x3  
  160  15:48  Zealot  
  159  16:02  Disruptor (Chrono Boost)  
  161  16:10  Zealot x2  
  161  16:11  Zealot x3  
  148  16:29  Disruptor (Chrono Boost)  
  130  16:42  Zealot x6  
  137  16:58  Disruptor (Chrono Boost)  
  132  17:05  Zealot x5  
  116  17:19  High Templar  
  116  17:26  High Templar x5  
  116  17:28  Disruptor (Chrono Boost)  
  130  17:32  Archon  
  130  17:39  Probe  
  131  17:58  Psionic Storm  
  131  18:01  Immortal (Chrono Boost)  
  135  18:08  Nexus  
  135  18:15  Zealot  
  135  18:16  Zealot x4  
  145  18:33  Immortal (Chrono Boost)  
  127  18:57  Disruptor (Chrono Boost)  
  100  19:14  Zealot x3  
  100  19:15  Zealot x3  
  104  19:21  Disruptor (Chrono Boost)  
  108  19:36  Zealot x6  
  116  19:51  Observer  
  116  20:00  High Templar x6  
  116  20:05  Archon  
  116  20:06  Archon x2  
  126  20:13  Observer (Chrono Boost)  
  121  20:28  Observer  
  121  20:36  Disruptor  
  121  20:38  Observer, Zealot x6  
  134  21:00  Zealot x4  
  134  21:01  Zealot x2  
  130  21:12  Immortal (Chrono Boost)  
  124  21:26  High Templar x5  
  124  21:28  Nexus  
  124  21:29  Archon  
  124  21:30  Archon  
  134  21:37  Pylon  
  134  21:48  Observer  
  132  21:58  High Templar x2  
  132  21:59  Zealot  
  132  22:00  Zealot x3  
  133  22:22  Zealot x4  
  114  22:35  Dark Shrine  
Tags
 
Add a new tag
Caveats
  • Supply blocks, unpowered buildings, or Contaminate may cause inaccurate times.
  • Supply counts are checked every 10 seconds.